Map: Ruins of Seras

Players

HuK - Winner!

  • Race: Protoss Protoss
  • League: Grandmaster

AcerBly (Bly)

  • Race: Zerg Zerg

Event: Gauntlet Monday Night

VOD

Have the link to the VOD?

Description

Time

  • Played on: Jan. 4, 2016, 4:26 p.m.
  • Length: 12:26

All games in this series

Show
View Real Time Build Order
Export as new Build Order

HuK Protoss - Winner!

Build Orders: Nexus First 

Get SALT Encoding   

  12  0:01  Probe (Chrono Boost)  
  13  0:11  Probe (Chrono Boost)  
  14  0:17  Pylon  
  14  0:23  Probe (Chrono Boost)  
  16  0:35  Probe (Chrono Boost)  
  16  0:46  Probe (Chrono Boost)  
  17  0:58  Nexus  
  17  1:09  Gateway  
  17  1:12  Probe (Chrono Boost)  
  18  1:18  Assimilator  
  18  1:23  Probe (Chrono Boost)  
  19  1:27  Assimilator  
  19  1:33  Probe (Chrono Boost)  
  20  1:40  Gateway  
  20  1:44  Probe (Chrono Boost)  
  21  1:54  Probe (Chrono Boost)  
  21  1:57  Cybernetics Core  
  22  2:05  Probe (Chrono Boost)  
  23  2:11  Probe (Chrono Boost)  
  24  2:16  Probe (Chrono Boost)  
  24  2:21  Probe (Chrono Boost)  
  26  2:26  Probe (Chrono Boost)  
  26  2:27  Warp Gate (Chrono Boost)  
  27  2:31  Probe (Chrono Boost)  
  27  2:33  Adept x2 (Chrono Boost)  
  32  2:38  Mothership Core  
  34  2:45  Probe  
  35  2:51  Twilight Council  
  35  2:57  Probe  
  35  3:00  Probe  
  36  3:09  Probe  
  36  3:11  Probe  
  37  3:20  Pylon  
  37  3:21  Probe  
  38  3:28  Pylon  
  38  3:29  Resonating Glaives (Chrono Boost)  
  38  3:38  Probe x2  
  38  3:40  Sentry  
  42  3:45  Sentry  
  44  3:48  Pylon  
  44  3:50  Probe  
  45  3:57  Probe  
  46  4:02  Gateway  
  46  4:11  Gateway  
  46  4:13  Gateway  
  46  4:14  Gateway  
  46  4:16  Pylon  
  46  4:17  Probe x2  
  48  4:25  Dark Shrine  
  48  4:32  Probe x2  
  48  4:37  Pylon  
  50  4:40  Pylon  
  50  4:44  Probe  
  51  4:45  Probe  
  52  4:52  Assimilator  
  52  4:53  Assimilator  
  52  4:56  Probe  
  53  5:05  Probe  
  54  5:12  Adept x5  
  64  5:14  Pylon  
  64  5:17  Adept  
  66  5:25  Probe  
  67  5:35  Adept x5  
  77  5:47  Adept  
  77  5:49  Probe  
  78  6:01  Dark Templar x4  
  76  6:35  Zealot x5  
  76  6:37  Nexus  
  76  6:39  Pylon  
  80  6:40  Pylon  
  80  6:42  Pylon  
  80  6:44  Robotics Facility  
  64  7:05  Stalker x2  
  64  7:06  Adept x3  
  64  7:07  Adept  
  68  7:11  Probe, Pylon  
  68  7:13  Pylon  
  68  7:14  Probe  
  70  7:25  Sentry  
  70  7:26  Sentry  
  74  7:31  Dark Templar x2  
  74  7:34  Stalker  
  74  7:35  Stalker  
  82  7:41  Probe x2  
  84  7:44  Immortal (Chrono Boost)  
  84  7:49  Probe  
  89  7:53  Adept x2  
  89  7:54  Probe  
  89  7:55  Probe  
  95  8:03  Stalker x2  
  99  8:07  Stalker  
  99  8:08  Probe  
  99  8:11  Blink (Chrono Boost)  
  102  8:14  Probe x2  
  102  8:19  Stalker  
  104  8:39  Warp Prism  
  102  8:46  Probe x2  
  102  8:48  Assimilator x2  
  106  8:55  Adept x5  
  116  8:58  Gateway  
  116  9:01  Pylon  
  116  9:05  Nexus  
  116  9:07  Pylon  
  116  9:17  Dark Templar x4  
  116  9:23  Dark Templar, Observer  
  126  9:27  Probe x2  
  129  9:33  Probe  
  129  9:39  Probe x2  
  129  9:41  Immortal  
  131  9:48  Forge  
  131  9:50  Pylon  
  135  9:58  Stalker  
  135  9:59  Stalker x3  
  143  10:00  Sentry x2  
  147  10:15  Immortal  
  149  10:29  Stalker  
  149  10:30  Stalker x5  
  161  10:41  Protoss Ground Weapons Level 1 (Chrono Boost)  
  161  10:49  Probe x2, Immortal  
  163  10:50  Photon Cannon  
  163  10:54  Pylon  
  165  11:23  Immortal  
  163  11:35  Stalker x6  
Show
View Real Time Build Order
Export as new Build Order

AcerBly Zerg 

Build Orders: Hatch First 

Get SALT Encoding   

  12  0:01  Drone  
  13  0:13  Overlord  
  13  0:18  Drone  
  14  0:31  Drone  
  14  0:32  Drone  
  16  0:36  Drone  
  17  0:53  Hatchery  
  16  1:08  Spawning Pool  
  15  1:11  Drone  
  15  1:14  Drone  
  17  1:19  Drone  
  18  1:28  Drone  
  19  1:52  Hatchery  
  18  1:57  Zergling x6  
  21  2:05  Zergling x2  
  21  2:07  Queen  
  24  2:13  Queen  
  26  2:20  Overlord  
  26  2:26  Drone x2  
  28  2:32  Overlord  
  28  2:39  Drone x2  
  30  2:53  Queen  
  31  3:03  Drone x3  
  31  3:04  Drone x2  
  34  3:13  Drone x2  
  34  3:17  Extractor x2, Queen  
  35  3:20  Drone x2  
  35  3:24  Drone x2  
  39  3:31  Overlord  
  40  3:41  Zergling x12  
  40  3:44  Drone x2  
  47  3:49  Overlord  
  47  3:52  Drone  
  47  3:53  Drone  
  47  4:00  Drone  
  48  4:03  Drone x2  
  48  4:08  Overlord  
  49  4:13  Drone x2  
  49  4:16  Drone  
  49  4:17  Drone x2  
  54  4:19  Metabolic Boost  
  54  4:30  Drone x6  
  60  4:34  Lair  
  59  4:42  Drone  
  59  4:43  Drone x4  
  63  4:46  Extractor x2  
  63  4:51  Roach Warren  
  60  5:01  Drone x4  
  64  5:25  Overlord x5  
  63  5:32  Roach x4  
  63  5:33  Glial Reconstitution, Roach x3  
  73  5:46  Roach x7  
  85  5:53  Queen  
  85  5:56  Roach x4  
  91  5:57  Overlord  
  77  6:06  Roach x2  
  75  6:12  Drone x2  
  75  6:24  Overseer  
  75  6:26  Overseer  
  70  6:45  Drone  
  70  6:46  Drone x4  
  65  7:00  Drone  
  58  7:13  Drone x4  
  62  7:37  Hatchery  
  61  7:46  Drone x2  
  61  7:47  Drone  
  61  7:48  Drone x2  
  66  7:56  Ravager  
  67  8:09  Overlord, Drone x2  
  69  8:16  Ravager  
  69  8:18  Zergling x2  
  71  8:37  Zergling x6  
  74  8:46  Ravager  
  74  8:48  Drone  
  76  8:49  Drone x3  
  76  8:50  Drone  
  80  9:06  Hatchery  
  79  9:15  Drone  
  79  9:16  Drone x3  
  83  9:18  Ravager x3  
  86  9:26  Queen  
  86  9:29  Drone x4  
  91  9:42  Drone x2  
  93  9:49  Drone x5  
  98  10:00  Ravager x5  
  98  10:01  Ravager x2  
  98  10:03  Zergling x10  
  109  10:16  Overlord  
  108  10:21  Roach x2  
  108  10:22  Roach x3  
  112  10:38  Roach x6  
  124  10:44  Drone x5  
  124  10:48  Lair  
  121  11:13  Extractor  
  121  11:14  Extractor  
  118  11:20  Roach x4  
  118  11:23  Hatchery  
  118  11:42  Roach x3  
  118  11:43  Hatchery, Overlord  
  98  11:59  Roach x4  
Tags
 
Add a new tag
Caveats
  • Supply blocks, unpowered buildings, or Contaminate may cause inaccurate times.
  • Supply counts are checked every 10 seconds.